 Dungeon Crawl Stone Soup version 0.30-a0-702-gdf48620a09 (webtiles) character file.

Game seed: 8368647657986519953

792 Orangeyouglad the Trooper (level 7, -4/75 HPs)
             Began as an Ogre Gladiator on Jan 21, 2023.
             Slain by a lemure (7 damage)
             ... led by Pikel
             ... on level 4 of the Dungeon.
             The game lasted 00:14:05 (4270 turns).

Orangeyouglad the Trooper (Ogre Gladiator)          Turns: 4270, Time: 00:14:06

Health: -4/75      AC: 14    Str: 21    XL:     7   Next: 88%
Magic:  7/7        EV:  1    Int:  9    God:
Gold:   161        SH:  0    Dex: 10    Spells: 6/6 levels left

rFire   + . .      SeeInvis .    x - +0 battleaxe
rCold   + . .      Faith    .    (shield currently unavailable)
rNeg    . . .      Spirit   .    k - +0 gold dragon scales
rPois   +          Reflect  .    c - +0 hat
rElec   .          Harm     .    (no cloak)
rCorr   .          Rampage  .    (gloves unavailable)
Will    .....                    (boots unavailable) Stlth
                                 n - amulet of magic regeneration
HPRegen 0.32/turn                (no ring)
MPRegen 0.50/turn                (no ring)

@: mighty
A: large, unfitting armour, tough skin 1
a: no special abilities


You were on level 4 of the Dungeon.
You visited 1 branch of the dungeon, and saw 4 of its levels.

You collected 161 gold pieces.

Inventory:

Hand Weapons
 a - a +0 quarterstaff
 p - a +2 whip of venom
 r - a +0 spear
 x - a +0 battleaxe (weapon)
 y - a +0 war axe
Missiles
 d - 4 throwing nets (quivered)
 e - a large rock
Armour
 b - a +0 robe
 c - a +0 hat (worn)
 k - +0 gold dragon scales (worn)
Magical Staves
 f - a staff of cold
Jewellery
 n - an amulet of magic regeneration (around neck)
Wands
 s - a wand of quicksilver (3)
Scrolls
 j - a scroll of immolation {unknown}
 l - 3 scrolls of identify {unknown}
 o - 3 scrolls of teleportation
 q - a scroll of blinking {unknown}
 t - 3 scrolls of butterflies {unknown}
 u - 2 scrolls of amnesia {unknown}
Potions
 g - a potion of heal wounds
 h - 2 potions of lignification {unknown}
 i - 2 potions of curing
 m - a potion of might
 v - a potion of flight {unknown}
 w - a potion of degeneration {unknown}
 z - a potion of ambrosia {unknown}
 A - a potion of attraction {unknown}


   Skills:
 + Level 6.2 Fighting
 + Level 0.0(1.2) Axes
 - Level 2.1(3.5) Polearms
 - Level 4.3(4.6) Staves
 + Level 4.6 Throwing
 + Level 3.0 Armour
 - Level 3.0 Dodging


You had 6 spell levels left.
You didn't know any spells.
Your spell library was empty.

Dungeon Overview and Level Annotations

Branches:
Dungeon (4/15)
 Temple: D:4-7

Altars:
Hepliaklqana
Nemelex Xobeh

Shops:
D:4 [

Annotations:
D:2 Sigmund
D:4 Pikel


Innate Abilities, Weirdness & Mutations

You are too large for most types of armour.
You have tough skin. (AC +1)


Message History

You slice Pikel!!
Pikel is heavily wounded.
You hit the lemure. You slice the lemure!!
You kill the lemure!
That felt strangely unrewarding.
You closely miss the lemure. x2
Pikel hits you with a +0 whip of flaming.
The lemure hits you.
The lemure hits you but does no damage. x2
Pikel hits you with a +0 whip of flaming!
The lemure hits you. The lemure hits you but does no damage.
The lemure hits you.
You slash Pikel!
Pikel is severely wounded.
You miss the lemure. You hit the lemure. You slash the lemure!
Pikel hits you but does no damage.
The lemure hits you but does no damage. x2
The lemure barely misses you.
You miss Pikel.
Pikel is severely wounded.
You closely miss the lemure. You hit the lemure but do no damage.
You barely miss the lemure.
Pikel hits you with a +0 whip of flaming.
The lemure hits you but does no damage. The lemure hits you.
* * * LOW HITPOINT WARNING * * *
The lemure hits you.
* * * LOW HITPOINT WARNING * * *
Pikel hits you with a +0 whip of flaming.
* * * LOW HITPOINT WARNING * * *
Pikel burns you.
* * * LOW HITPOINT WARNING * * *
The lemure hits you but does no damage. The lemure completely misses you.
The lemure hits you but does no damage.
You slash Pikel!
Pikel is almost dead.
You closely miss the lemure. x3; Pikel hits you but does no damage.
The lemure hits you but does no damage. x2; The lemure hits you.
* * * LOW HITPOINT WARNING * * *
Pikel hits you but does no damage. The lemure hits you but does no damage.
The lemure hits you!
* * * LOW HITPOINT WARNING * * *
The lemure hits you!
You die...

#....................
####..................
#....##...............
#.[.. ##..............
#.... #...#..........
#....###...#..........
#..........#..†.......
#...5.K....#..........
###..@5....#.......#..
#...5.............##
#.................#
#.................#
######......##....#
#......##....#
#########....# #....#
#....#


You could see Pikel and 3 lemures.

Vanquished Creatures
  Grinder (D:3)
  A lemure (D:4)
  A phantom (D:4)
  A bullfrog (D:4)
  A howler monkey (D:4)
  Ijyb (D:3)
  Terence (D:2)
  An iguana (D:4)
  Natasha (thrice) (D:2)
  2 orc wizards (D:3)
  8 adders
  3 gnolls (D:3)
  2 worms
  5 dart slugs
  15 orcs
  15 ball pythons
  4 bats
  6 endoplasms
  6 giant cockroaches
  13 goblins
  7 hobgoblins
  3 jackals (D:3)
  3 quokkas
  6 frilled lizards
  11 kobolds
  A rat (D:1)
  A spectral hobgoblin (D:1)
122 creatures vanquished.

Notes
Turn   | Place    | Note
-------+----------+-------------------------------------------
     0 | D:1      | Orangeyouglad the Ogre Gladiator began the quest for the
                  | Orb.
     0 | D:1      | Reached XP level 1. HP: 22/22 MP: 1/1
   142 | D:1      | Reached XP level 2. HP: 25/29 MP: 2/2
   227 | D:1      | Reached skill level 3 in Fighting
   231 | D:1      | Found a faded altar of an unknown god.
   556 | D:1      | Reached XP level 3. HP: 37/37 MP: 3/3
  1186 | D:2      | Reached XP level 4. HP: 46/46 MP: 4/4
  1192 | D:2      | Noticed Natasha
  1200 | D:2      | Killed Natasha
  1220 | D:2      | Noticed Sigmund
  1229 | D:3      | Noticed Ijyb
  1258 | D:3      | Killed Ijyb
  1259 | D:3      | Reached skill level 4 in Fighting
  1259 | D:3      | Reached skill level 1 in Armour
  1259 | D:3      | Reached XP level 5. HP: 8/54 MP: 5/5
  1327 | D:2      | Noticed Natasha
  1336 | D:3      | Found a sparkling altar of Nemelex Xobeh.
  1779 | D:2      | Killed Natasha
  1920 | D:2      | Reached XP level 6. HP: 63/63 MP: 6/6
  2003 | D:2      | Noticed Terence
  2009 | D:2      | Killed Terence
  2267 | D:2      | Noticed Natasha
  2279 | D:2      | Killed Natasha
  2938 | D:3      | Reached skill level 5 in Fighting
  3023 | D:3      | Noticed Grinder
  3037 | D:3      | Killed Grinder
  3038 | D:3      | Reached skill level 1 in Polearms
  3038 | D:3      | Reached XP level 7. HP: 56/72 MP: 7/7
  3487 | D:4      | Found Jexo's Antique Armour Boutique.
  3826 | D:4      | Reached skill level 6 in Fighting
  3977 | D:4      | Found a hazy altar of Hepliaklqana.
  4249 | D:4      | Noticed Pikel
  4270 | D:4      | HP: 3/75 [lemure[Pikel] (7)]
  4270 | D:4      | Slain by a lemure

Illustrated notes

Levels and vault maps discovered:
D:1:      zelgadis_glass_arrival_small, layout_loops_cross,
          dreamdust_ecumenical_altar_drowned_temple, minmay_door_square
D:2:      layout_basic, uniq_terence, uniq_sigmund, uniq_natasha
D:3:      layout_loops_ring, nemelex_xobeh_ov_fountains_minmay,
          chequers_decorated_corner, uniq_grinder, uniq_ijyb
D:4:      layout_basic, okawaru_altar_gauntlet_db,
          mainiacjoe_overflow_big_doors, serial_shops, shop, uniq_pikel

Skill      XL: |  1  2  3  4  5  6  7 |
---------------+----------------------+-----
Fighting       | 3 4 5 6 |  6.2
Dodging        | 3 |  3.0
Throwing       | 3 4 |  4.6
Armour         | 1 2 3 |  3.0
Staves         | 4 |  4.3
Polearms       | 1 2 |  2.1

Action                   |  1- 3 |  4- 6 |  7- 9 || total
-------------------------+-------+-------+-------++-------
Melee: Quarterstaff      |    99 |   148 |       ||   247
       Spear             |       |    66 |   140 ||   206
       Battleaxe         |       |       |    22 ||    22
       Punch             |       |       |     3 ||     3
Throw: Stone             |       |       |     9 ||     9
       Large rock        |       |       |     1 ||     1
Evoke: Wand              |       |     8 |       ||     8
  Use: Scroll            |       |     2 |       ||     2
       Potion            |       |     2 |     1 ||     3
Armor: Robe              |    31 |       |       ||    31
       Gold dragon scale |    15 |   210 |   133 ||   358
Dodge: Dodged            |    66 |     4 |    11 ||    81

Table legend: (Time is in decaauts)
 A = Elapsed time spent in this place.
 B = Non-inter-level travel time spent in this place.
 C = Inter-level travel time spent in this place.
 D = Time resting spent in this place.
 E = Time spent auto-exploring this place.
 F = Levels seen in this place.
 G = Mean time per level.
                   A        B        C        D        E       F      G
               +--------+--------+--------+--------+--------+-----+--------+
         Total |   4305 |   4092 |    213 |    573 |   2091 |   4 | 1076.2 |
       Dungeon |   4305 |   4092 |    213 |    573 |   2091 |   4 | 1076.2 |
               +--------+--------+--------+--------+--------+-----+--------+

Top non-repeatable levels by time:
     D:3: 1268 daAuts
     D:2: 1191 daAuts
     D:1: 1059 daAuts
     D:4: 786 daAuts
